 Dungeon Crawl Stone Soup version 0.30-a0-652-gcc886f7154 (webtiles) character file.

Game seed: 13808198323340870050

149 ragingrage the Sneak (level 5, -1/22 HPs)
             Began as a Felid Artificer on Jan 18, 2023.
             Slain by an ufetubus (3 damage)
             ... on level 4 of the Dungeon.
             The game lasted 00:03:39 (2878 turns).

ragingrage the Sneak (Felid Artificer)              Turns: 2878, Time: 00:03:40

Health: -1/22      AC:  1    Str: 10    XL:     5   Next: 9%
Magic:  6/6        EV: 18    Int: 12    God:
Gold:   3          SH:  0    Dex: 17    Spells: 4/4 levels left
                                        Lives:  0   Deaths: 1

rFire   . . .      SeeInvis +      - Unarmed
rCold   . . .      Faith    .    (shield unavailable)
rNeg    . . .      Spirit   .    (body armour unavailable)
rPois   .          Reflect  .    (helmet unavailable)
rElec   .          Harm     .    (cloak unavailable)
rCorr   .          Rampage  .    (gloves unavailable)
Will    .....                    (boots unavailable)
Stlth   +++                      (no amulet)
HPRegen 0.23/turn                (no ring)
MPRegen 0.10/turn                (no ring)

@: hasted, very quick
A: very small, claws 1, fangs 3, see invisible, speed 1, shaggy fur 1, stealthy
paws, no weapons or thrown items, no armour, multi-lived
a: no special abilities


You were on level 4 of the Dungeon.
You visited 2 branches of the dungeon, and saw 5 of its levels.

You collected 55 gold pieces.
You spent 52 gold pieces at shops.

Inventory:

Wands
 a - a wand of flame (9) (quivered)
 b - a wand of charming (14)
 c - a wand of iceblast (5)
 j - a wand of light (13)
Scrolls
 e - 3 scrolls of identify
 f - a scroll of blinking {unknown}
 h - a scroll of torment {unknown}
 l - a scroll of enchant armour {unknown}
 m - a scroll of immolation {unknown}
 n - 2 scrolls of teleportation
 q - a scroll of fear
Potions
 d - a potion of flight {unknown}
 g - a potion of haste
 i - a potion of invisibility {unknown}
 k - 3 potions of berserk rage {unknown}
 o - 3 potions of curing
 p - a potion of experience {unknown}


   Skills:
 - Level 1.0 Fighting
 - Level 3.2 Dodging
 + Level 5.2 Stealth
 * Level 4.1 Unarmed Combat
 - Level 3.2 Evocations


You had 4 spell levels left.
You didn't know any spells.
Your spell library was empty.

Dungeon Overview and Level Annotations

Branches:
Dungeon (4/15)             Temple (1/1) D:4

Altars:
Cheibriados
Elyvilon
Fedhas
Hepliaklqana
Nemelex Xobeh
Qazlal
Ru
Uskayaw
Vehumet
Wu Jian
Yredelemnul
Zin
The Shining One

Shops:
D:4 ?

Annotations:
D:3 2 transporters, Heh's ghost, amateur OpFi


Innate Abilities, Weirdness & Mutations

You have sharp claws.
You have razor-sharp teeth.
You have supernaturally acute eyesight. (SInv)
You cover ground quickly. (Speed+)
You are covered in fur. (AC +1)
Your paws help you pounce on unaware monsters.
You are incapable of wielding weapons or throwing items.
You cannot wear armour.
You gain extra lives every three experience levels.


Message History

The wight hits your wight with a +4 mace.
Something hits your wight but does no damage.
Your wight hits something with a +6 great sword!
You feel a bit more experienced.
The wight hits your wight with a +4 mace!
You scratch the phantom.
The phantom is lightly damaged.
Your wight hits the wight with a +6 great sword.
The wight completely misses your wight. The phantom hits you.
The phantom blinks!
You blink.
You closely miss the phantom.
The phantom is lightly damaged.
Your wight closely misses the wight.
The phantom hits you.
You scratch the phantom. Your bite misses the phantom.
The phantom is lightly damaged.
The phantom closely misses you.
You barely miss the phantom.
The phantom is lightly damaged.
Your wight closely misses the wight.
The phantom hits you.
The phantom blinks!
You blink.
The wight barely misses your wight. The wight barely misses your wight.
The phantom misses you.
Your wight hits the wight with a +6 great sword!
The wight is destroyed!
Your Stealth skill increases to level 5!
Your Unarmed Combat skill increases to level 4!
You have reached level 5!
You feel agile.
There is a stone staircase leading up here.
The ogre shouts!
You scratch the phantom. Your claw misses the phantom.
The phantom is moderately damaged.
The wight hits your wight with a +3 great sword of freezing!!
Your wight is destroyed!
The phantom hits you!
* * * LOW HITPOINT WARNING * * *
You scratch the phantom but do no damage.
The phantom is moderately damaged.
The phantom barely misses you.
You feel yourself speed up. The ufetubus misses you. The ufetubus hits you.
You die...

#............#..
####.....#..#...
...............#
###.....#.#...#.
##O..#....#....
####.....##...##..
#....#<#....#.##..
##.).............
#.@5#............
#.#W>).>.........
#.#z...........#.
#.#............#
#................
#....∩..........#
.....#............#
.....#....<.......
#..........######.


You could see an ogre, a phantom, a wight and an ufetubus.

Vanquished Creatures
  A hound (D:3)
  An iguana (D:3)
  3 adders
  4 dart slugs
  6 orcs (D:3)
  5 ball pythons
  6 bats
  4 endoplasms
  4 giant cockroaches
  3 goblins
  6 hobgoblins
  3 jackals (D:2)
  4 kobolds
  A quokka (D:2)
  7 frilled lizards
  7 rats
65 creatures vanquished.

Vanquished Creatures (collateral kills)
  A wight (D:4)
  An orc (D:4)
  A kobold (D:4)
3 creatures vanquished.

Vanquished Creatures (others)
  A wight (D:4)
1 creature vanquished.

Grand Total: 69 creatures vanquished

Notes
Turn   | Place    | Note
-------+----------+-------------------------------------------
     0 | D:1      | ragingrage the Felid Artificer began the quest for the Orb.
     0 | D:1      | Reached XP level 1. HP: 9/9 MP: 2/2
   138 | D:1      | Reached skill level 2 in Stealth
   260 | D:1      | Reached skill level 1 in Unarmed Combat
   294 | D:1      | Reached XP level 2. HP: 12/12 MP: 3/3
   550 | D:1      | You fall into a shaft and drop 1 floor!
   673 | D:2      | Reached skill level 3 in Stealth
   685 | D:2      | Reached XP level 3. HP: 8/15 MP: 4/4
   688 | D:2      | Found a hide-covered altar of Uskayaw.
  1345 | D:3      | Reached skill level 4 in Stealth
  1345 | D:3      | Reached XP level 4. HP: 19/19 MP: 5/5
  1647 | D:3      | Noticed Heh's ghost (amateur OpFi)
  1657 | D:3      | Found a transporter.
  1659 | D:3      | Noticed an ogre
  1660 | D:3      | Identified the +2 great mace of Zixy {drain, Will+}
  1660 | D:3      | Noticed an ogre
  1958 | D:4      | Noticed a phantom
  1958 | D:4      | Found Beppugun's Magic Scroll Boutique.
  2002 | D:4      | Bought a scroll of fear for 52 gold pieces
  2075 | D:4      | Found a staircase to the Ecumenical Temple.
  2081 | D:4      | Noticed an ogre
  2084 | Temple   | Entered the Ecumenical Temple
  2423 | D:3      | Found a transporter.
  2685 | D:3      | Slain by a hound
  2686 | D:3      | Reached XP level 3. HP: -1/15 MP: 4/4
  2695 | D:3      | Reached XP level 4. HP: 19/19 MP: 5/5
  2876 | D:4      | Reached skill level 5 in Stealth
  2876 | D:4      | Reached XP level 5. HP: 8/22 MP: 6/6
  2878 | D:4      | Slain by an ufetubus

Illustrated notes

Levels and vault maps discovered:
D:1:      scummos_arrival_forest, layout_basic, st_stairs_11
D:2:      layout_basic, basic_altar
D:3:      layout_loops_cross, gammafunk_ghost_smash, wad_orctagon
D:4:      layout_rooms, kennysheep_mini_moat, minmay_temple_entry_arrows,
          serial_shops, shop, lightli_corner_chamber
Temple:   oiseaux_autumnal_temple

Skill      XL: |  1  2  3  4 |
---------------+-------------+-----
Stealth        | 2 3 4 5 |  5.2
Unarmed Combat | 1 2 4 |  4.1
Fighting       | |  1.0
Dodging        | |  3.2
Evocations     | |  3.2

Action                   |  1- 3 |  4- 6 || total
-------------------------+-------+-------++-------
Melee: Unarmed           |    88 |    63 ||   151
       Bite              |     8 |     7 ||    15
       Punch             |     1 |     3 ||     4
Evoke: Wand              |     3 |     4 ||     7
  Use: Scroll            |       |     4 ||     4
       Potion            |       |     1 ||     1
 Stab: Sleeping          |    14 |     4 ||    18
Armor: Skin              |     3 |     2 ||     5
Dodge: Dodged            |    56 |    58 ||   114

Table legend: (Time is in decaauts)
 A = Elapsed time spent in this place.
 B = Non-inter-level travel time spent in this place.
 C = Inter-level travel time spent in this place.
 D = Time resting spent in this place.
 E = Time spent auto-exploring this place.
 F = Levels seen in this place.
 G = Mean time per level.
                   A        B        C        D        E       F      G
               +--------+--------+--------+--------+--------+-----+--------+
         Total |   2432 |   2174 |    258 |    350 |   1358 |   5 |  486.4 |
       Dungeon |   2194 |   1963 |    231 |    350 |   1158 |   4 |  548.5 |
        Temple |    237 |    210 |     27 |      0 |    200 |   1 |  237.0 |
               +--------+--------+--------+--------+--------+-----+--------+

Top non-repeatable levels by time:
     D:3: 1093 daAuts
     D:2: 555 daAuts
     D:1: 460 daAuts
  Temple: 237 daAuts
     D:4: 85 daAuts
